cohdb
Replays
Latest Replays
All Replays
Popular Replays
Top Player Replays
Match Explorer
How It Works
Community
CoH3 Stats
Reddit
Sign in to upload your games and track your stats! →
Sign in with Steam
Match 43329463
Unlisted
Match 43329463
Overview
Messages
Build Orders
End
Selects Advanced Infantry Battlegroup
Construct Barracks
Riflemen Squad
Riflemen Squad
Infantry Support Center
Riflemen Squad
Selects Convert to Ranger Squad
Convert to Ranger Squad
M1918 Browning Automatic Rifles
Convert to Ranger Squad
Ranger Squad
Selects Frontline Medical Station
Ranger Squad
Survival Training
Advanced Logistics
Frontline Medical Station
Selects Ranger Weapon Training
Convert to Ranger Squad
Ranger Squad
Selects Artillery Observers
Munitions Surplus
Selects M2A1 105mm Howitzer Emplacement
Selects 155mm Rapid Artillery Barrage
Ranger Squad
King in the North
PapaLegba
Chapo
Longski
er mer gerd
Joraad
The King In Yellow
Lord Krit
0
0
Comments
sign in to comment!
No comments posted yet!